 Dungeon Crawl Stone Soup version 0.28-a0-1234-g826d19b2e0 (webtiles) character file.

Game seed: 17114131800603852759

415 silenth the Stinger (level 7, -3/46 HPs)
             Began as a Human Venom Mage on Dec 23, 2021.
             Was an Initiate of Kikubaaqudgha.
             Succumbed to a water moccasin's poison
             ... on level 5 of the Dungeon.
             The game lasted 00:06:37 (7005 turns).

silenth the Stinger (Human Venom Mage)              Turns: 7005, Time: 00:06:37

Health: -3/46      AC:  3    Str:  9    XL:     7   Next: 15%
Magic:  10/13      EV: 12    Int: 17    God:    Kikubaaqudgha [......]
Gold:   216        SH:  0    Dex: 19    Spells: 8/14 levels left

rFire   + . .      SeeInvis .   c - +0 short sword
rCold   . . .      Faith    .   (no shield)
rNeg    . . .      Spirit   .   a - +0 robe
rPois   .          Reflect  .   (no helmet)
rElec   .          Harm     .   (no cloak)
rCorr   .          Rampage  .   (no gloves)
Will    .....                   d - +0 pair of boots
Stlth   ++........              (no amulet)
HPRegen 0.15/turn               l - ring of protection from fire
MPRegen 0.13/turn               g - +6 ring of dexterity

@: lethally poisoned (-3 -> -19)
A: no striking features
a: Renounce Religion


You were on level 5 of the Dungeon.
You worshipped Kikubaaqudgha.
Kikubaaqudgha was noncommittal.
You visited 2 branches of the dungeon, and saw 6 of its levels.

You collected 216 gold pieces.

Inventory:

Hand Weapons
 c - a +0 short sword (weapon)
Armour
 a - a +0 robe (worn)
 d - a +0 pair of boots (worn)
Jewellery
 g - a +6 ring of dexterity (right hand)
 l - a ring of protection from fire (left hand)
Scrolls
 b - a scroll of fog {unknown}
 e - a scroll of enchant weapon {unknown}
 i - a scroll of holy word {unknown}
 k - a scroll of noise {unknown}
 n - a scroll of enchant armour {unknown}
Potions
 f - 4 potions of heal wounds


   Skills:
 - Level 2.0 Dodging
 - Level 2.0 Stealth
 + Level 4.0 Spellcasting
 + Level 2.5 Conjurations
 - Level 1.0 Transmutations
 + Level 2.7 Air Magic
 + Level 4.8 Poison Magic


You had 8 spell levels left.
You knew the following spells:

 Your Spells              Type           Power      Damage    Failure   Level
a - Sting                 Tmut/Pois      52%        1d5       4%          1
b - Poisonous Vapours     Pois/Air       32%        N/A       4%          2
c - Mephitic Cloud        Conj/Pois/Air  14%        N/A       12%         3

Your spell library contained the following spells:

 Spells                   Type           Power      Damage    Failure   Level
 Pain                     Necr           12%        1d4       16%         1
 Olgreb's Toxic Radiance  Pois           19%        N/A       22%         4
 Agony                    Necr           3%         N/A       99%         5
 Excruciating Wounds      Necr           1%         N/A       99%         5


Dungeon Overview and Level Annotations

Branches:
Dungeon (5/15)             Temple (1/1) D:5

Altars:
Ashenzari
Cheibriados
Dithmenos
Elyvilon
Fedhas
Gozag
Hepliaklqana
Kikubaaqudgha
Makhleb
Nemelex Xobeh
Okawaru
Qazlal
Ru
Sif Muna
Trog
Uskayaw
Vehumet
Wu Jian
Xom
Yredelemnul
Zin
The Shining One

Shops:
D:2 =([(


Message History

The water moccasin completely misses you.
You feel sick.
You see here 24 stones.
You feel sick. The water moccasin barely misses you.
Casting: Sting (safe; 4% risk of failure)
Confirm with . or Enter, or press ? or * to list all spells.
Okay, then.
Casting: Sting (safe; 4% risk of failure)
Confirm with . or Enter, or press ? or * to list all spells.
Aiming: Sting (safe; 4% risk of failure)
Press: ? - help, Shift-Dir - straight line, f - water moccasin
Aim: a water moccasin (53% to hit)
The sting hits the water moccasin.
The water moccasin partially resists.
The water moccasin is lightly wounded.
You feel sick. The water moccasin bites you.
* * * LOW HITPOINT WARNING * * *
You are lethally poisoned!
The water moccasin poisons you!
Casting: Sting (safe; 4% risk of failure)
Confirm with . or Enter, or press ? or * to list all spells.
Aiming: Sting (safe; 4% risk of failure)
Press: ? - help, Shift-Dir - straight line, f/p - water moccasin
Aim: a water moccasin (lightly wounded, 53% to hit)
The sting hits the water moccasin.
The water moccasin partially resists.
The water moccasin is poisoned.
The water moccasin is lightly wounded.
* * * LOW HITPOINT WARNING * * *
You feel very sick. The water moccasin bites you.
* * * LOW HITPOINT WARNING * * *
Casting: Sting (safe; 4% risk of failure)
Confirm with . or Enter, or press ? or * to list all spells.
Aiming: Sting (safe; 4% risk of failure)
Press: ? - help, Shift-Dir - straight line, f/p - water moccasin
Aim: a water moccasin (lightly wounded, poisoned, 53% to hit)
The sting hits the water moccasin but does no damage.
The water moccasin looks even sicker.
The water moccasin is lightly wounded.
You die...
Kikubaaqudgha rasps: "You have failed me!
Welcome... death!"

##...#.# ▒.⌠...⌠...⌠.▒
##....#.# ...▒...▒...▒
o..#..#.# ▒▒.▒▒▒▒▒▒
)..#..#.# ▒...▒...▒
##.o..#[# ▒.⌠...>.▒
##[..#.# ▒...▒...▒ ##.<..#
▒▒Z▒▒▒▒▒▒ ##.######## #S#
.##..o......# #@##
.....oS.....####..######..
##........................
##.........#####.#####...#
#.........#......# #...#
.........##.#.####.##
#...# ###########.# #..#
#...# #.# #..###...#
########.# #...<#...#


You could see a water moccasin (very poisoned) and a scorpion zombie.

Vanquished Creatures
  An ice beast (D:5)
  2 centaur zombies
  A jelly (D:4)
  An orc priest (D:4)
  2 orc wizards (D:4)
  7 adders
  An ufetubus (D:4)
  An adder skeleton (D:4)
  A worm (D:3)
  2 dart slugs
  4 orcs
  6 endoplasms
  3 giant cockroaches
  5 hobgoblins
  4 jackals (D:1)
  7 quokkas
  5 ball pythons
  4 bats
  8 frilled lizards
  6 goblins
  3 kobolds
  3 rats
77 creatures vanquished.

Vanquished Creatures (others)
  2 plants (D:5)
2 creatures vanquished.

Grand Total: 79 creatures vanquished

Notes
Turn   | Place    | Note
-------+----------+-------------------------------------------
     0 | D:1      | silenth the Human Venom Mage began the quest for the Orb.
     0 | D:1      | Reached XP level 1. HP: 13/13 MP: 3/3
   367 | D:1      | Reached XP level 2. HP: 9/19 MP: 0/5
  1171 | D:1      | Reached XP level 3. HP: 13/24 MP: 0/6
  1833 | D:2      | Found Futeodury's Antique Weapon Emporium.
  1883 | D:2      | Reached XP level 4. HP: 30/30 MP: 6/8
  1908 | D:2      | Learned a level 2 spell: Poisonous Vapours
  1912 | D:2      | Learned a level 3 spell: Mephitic Cloud
  1936 | D:2      | Found Tabboot's Armour Shoppe.
  1985 | D:2      | Found Tachaeme's Weapon Emporium.
  2054 | D:2      | Reached skill level 3 in Spellcasting
  2097 | D:2      | Found an iron altar of Okawaru.
  2250 | D:2      | Found Hecrac's Jewellery Emporium.
  2294 | D:2      | Reached skill level 4 in Poison Magic
  2912 | D:3      | Found an iron altar of Okawaru.
  3244 | D:3      | Reached skill level 1 in Air Magic
  3246 | D:3      | Reached XP level 5. HP: 35/35 MP: 2/9
  3378 | D:3      | Reached skill level 1 in Conjurations
  4528 | D:4      | HP: 3/35 [acid (9)]
  4529 | D:4      | HP: 1/35 [acid (2)]
  5101 | D:4      | Reached XP level 6. HP: 41/41 MP: 1/11
  5103 | D:4      | Reached skill level 2 in Conjurations
  5103 | D:4      | Reached skill level 2 in Air Magic
  5863 | D:5      | Entered Level 5 of the Dungeon
  6404 | D:5      | Noticed a water moccasin
  6615 | D:5      | Noticed an ice beast
  6636 | D:5      | Killed an ice beast
  6637 | D:5      | Reached skill level 4 in Spellcasting
  6637 | D:5      | Reached XP level 7. HP: 40/46 MP: 8/13
  6694 | D:5      | Found a staircase to the Ecumenical Temple.
  6700 | Temple   | Entered the Ecumenical Temple
  6948 | Temple   | Became a worshipper of Kikubaaqudgha
  7004 | D:5      | HP: 1/46 [water moccasin (6)]
  7005 | D:5      | Succumbed to a water moccasin's poison

Illustrated notes

Levels and vault maps discovered:
D:1:      eino_arrival_druids_welcome, layout_basic
D:2:      layout_loops_cross, serial_shops, shop, nicolae_shop_statue_plus,
          shop, nicolae_diamond_shop, basic_altar, minmay_misc_feat_chi,
          patterned_corridor
D:3:      cheibrodos_helix_gallery, layout_basic,
          mainiacjoe_overflow_tiny_flanked, minmay_misc_feat_tower
D:4:      layout_basic, serial_corexii_hall, corexii_hall_statues_i,
          chequers_hall_statues_corner_a, mrwooster_statue_mirror
D:5:      layout_basic, minmay_temple_entry_nine_rooms, serial_bayou_pond_d,
          palyth_stone_intersect
Temple:   mainiacjoe_temple_hex_bubbles

Skill      XL: |  1  2  3  4  5  6 |
---------------+-------------------+-----
Spellcasting   | 3 4 |  4.0
Poison Magic   | 4 |  4.8
Air Magic      | 1 2 |  2.7
Conjurations   | 1 2 |  2.5
Dodging        | |  2.0
Stealth        | |  2.0
Transmutations | |  1.0

Action                   |  1- 3 |  4- 6 |  7- 9 || total
-------------------------+-------+-------+-------++-------
Melee: Unarmed           |    12 |       |       ||    12
       Short sword       |    24 |    75 |     9 ||   108
 Cast: Sting             |    50 |   106 |     3 ||   159
       Poisonous Vapours |       |     2 |       ||     2
       Mephitic Cloud    |       |     3 |       ||     3
  Use: Potion            |       |     4 |       ||     4
       Scroll            |       |     3 |       ||     3
 Stab: Confused          |       |     2 |       ||     2
       Sleeping          |       |     1 |       ||     1
Armor: Robe              |    25 |    41 |     1 ||    67
       Skin              |       |    24 |       ||    24
Dodge: Dodged            |    62 |   120 |     8 ||   190

Table legend: (Time is in decaauts)
 A = Elapsed time spent in this place.
 B = Non-inter-level travel time spent in this place.
 C = Inter-level travel time spent in this place.
 D = Time resting spent in this place.
 E = Time spent auto-exploring this place.
 F = Levels seen in this place.
 G = Mean time per level.
                   A        B        C        D        E       F      G
               +--------+--------+--------+--------+--------+-----+--------+
         Total |   7016 |   6812 |    204 |   2356 |   3656 |   6 | 1169.3 |
       Dungeon |   6737 |   6588 |    149 |   2356 |   3434 |   5 | 1347.4 |
        Temple |    278 |    224 |     54 |      0 |    222 |   1 |  278.0 |
               +--------+--------+--------+--------+--------+-----+--------+

Top non-repeatable levels by time:
     D:4: 2390 daAuts
     D:1: 1739 daAuts
     D:3: 1203 daAuts
     D:2: 951 daAuts
     D:5: 452 daAuts
  Temple: 278 daAuts
